 Dungeon Crawl Stone Soup version 0.19.1-1-g22dce08 (webtiles) character file.

421 Kiturien the Skirmisher (level 6, -2/44 HPs)
             Began as an Octopode Fighter on Jan 18, 2017.
             Slain by a mummy (17 damage)
             ... in an ossuary.
             The game lasted 00:10:55 (2879 turns).

Kiturien the Skirmisher (Octopode Fighter)          Turns: 2879, Time: 00:10:56

Health: -2/44      AC:  1    Str: 13    XL:     6   Next: 94%
Magic:  6/6        EV: 13    Int: 10    God:
Gold:   123        SH: 10    Dex: 14    Spells: 0 memorised, 5 levels left

rFire  . . .     SeeInvis .     j - +2 dagger (venom)
rCold  . . .     Gourm    .     b - +1 shield
rNeg   + . .     Faith    .     (helmet restricted)
rPois  .         Spirit   .     r - amulet of rage
rElec  .         Reflect  .     g - ring of positive energy
rCorr  .         Harm     .     (no ring)
MR     .....                    (no ring)
Stlth  +++.......               (no ring)
                                (no ring)
                                (no ring)
                                (no ring)
                                (no ring)

@: no status effects
A: almost no armour, stealthy swim, amphibious, 8 rings, constrict 8, camouflage
1, screaming 1, weak 1, gelatinous body 1
a: Evoke Berserk Rage


You were in an ossuary.
You were not hungry.

You visited 1 branch of the dungeon, and saw 4 of its levels.
You also visited: Ossuary.

You collected 123 gold pieces.

Inventory:

Hand Weapons
 a - a +3 rapier
 j - a +2 dagger of venom (weapon)
Armour
 b - a +1 shield (worn)
Jewellery
 g - a ring of positive energy (left tentacle)
 l - an uncursed ring of fire
 p - an uncursed ring of positive energy
 r - an amulet of rage (around mantle)
Scrolls
 h - 2 scrolls of remove curse
 k - 2 scrolls of identify {unknown}
 o - a scroll of amnesia
 q - a scroll of teleportation
Potions
 c - a potion of might
 e - a potion of flight
 f - a potion of magic
Comestibles
 d - a bread ration
 m - a meat ration


   Skills:
 * Level 4.6 Fighting
 + Level 4.4 Short Blades
 + Level 3.9 Dodging
 + Level 3.3 Stealth
 + Level 3.8 Shields


You had 5 spell levels left.
You didn't know any spells.

Dungeon Overview and Level Annotations

Branches:
Dungeon (4/15)
 Temple: D:4-7

Altars:

Annotations:
D:4 Dowan, Duvessa


Innate Abilities, Weirdness & Mutations

You cannot wear most types of armour.
You are very stealthy in the water. (Stealth+)
You are amphibious.
You can wear up to eight rings at the same time.
You can use your tentacles to constrict eight enemies at once.
Your skin changes colour to match your surroundings (Stealth+).
Your rubbery body absorbs attacks. (AC +1, EV +1)
You occasionally shout uncontrollably at your foes.
You are weak. (Str -2)


Message History

You hit the bullfrog zombie.
The bullfrog zombie is severely damaged.
You constrict the bullfrog zombie. The bullfrog zombie barely misses you.
The bullfrog zombie hits you.
* * * LOW HITPOINT WARNING * * *
You barely miss the bullfrog zombie.
The bullfrog zombie is almost destroyed.
You constrict the bullfrog zombie. The bullfrog zombie hits you.
* * * LOW HITPOINT WARNING * * *
You hit the bullfrog zombie.
You destroy the bullfrog zombie!
You start resting.
A mummy comes into view.
An adder zombie comes into view.
Your shield prevents you from hitting the mummy.
You grab the mummy. You constrict the mummy.
You hit the mummy but do no damage.
The mummy is lightly damaged.
You constrict the mummy. The mummy hits you!
You die...

# ### #.# #.#
#≈#.≈.#'#+###
.≈M..M....'.#
###.#####.###
#...#.'.#
#.∩.M.###
#∩.@#.+
#####.# '.+
#.# #M' '.#
#.'


You could see a mummy.

Vanquished Creatures
  3 bullfrog zombies (Ossuary)
  An orc priest (D:4)
  Ijyb (D:3)
  An orc wizard (D:4)
  A worker ant (D:4)
  4 mummies (Ossuary)
  A worker ant zombie (Ossuary)
  3 gnolls (D:3)
  5 adders
  An adder zombie (Ossuary)
  A worm (D:2)
  A dart slug (D:1)
  3 leopard geckos
  3 orcs
  2 ball pythons
  3 giant cockroaches
  6 goblins
  6 hobgoblins
  8 jackals
  8 kobolds
  A quokka (D:4)
  9 bats
  3 frilled lizards
  A leopard gecko zombie (Ossuary)
  6 rats
82 creatures vanquished.

Vanquished Creatures (others)
  A withered plant (Ossuary)
1 creature vanquished.

Grand Total: 83 creatures vanquished

Notes
Turn   | Place    | Note
-------+----------+-------------------------------------------
     0 | D:1      | Kiturien the Octopode Fighter began the quest for the Orb.
     0 | D:1      | Reached XP level 1. HP: 16/16 MP: 1/1
    53 | D:1      | Reached XP level 2. HP: 11/21 MP: 2/2
   696 | D:1      | Reached XP level 3. HP: 26/26 MP: 3/3
  1242 | D:2      | Reached XP level 4. HP: 29/32 MP: 4/4
  1556 | D:3      | Noticed Ijyb
  1568 | D:3      | Killed Ijyb
  1568 | D:3      | Reached skill level 1 in Stealth
  1758 | D:3      | Reached XP level 5. HP: 37/37 MP: 5/5
  2579 | D:4      | Noticed Dowan
  2580 | D:4      | Noticed Duvessa
  2612 | D:4      | Found a sand-covered staircase.
  2616 | D:4      | Reached XP level 6. HP: 43/43 MP: 6/6
  2633 | Ossuary  | Entered an ossuary
  2757 | Ossuary  | Gained mutation: You are weak. (Str -2) [potion of mutation]
  2757 | Ossuary  | Gained mutation: You occasionally shout uncontrollably at your foes. [potion of mutation]
  2879 | Ossuary  | Slain by a mummy

Skill      XL: |  1  2  3  4  5  6 |
---------------+-------------------+-----
Short Blades   | 3 4 |  4.4
Stealth        | 1 2 3 |  3.3
Fighting       | 4 |  4.6
Dodging        | |  3.9
Shields        | |  3.8

Action                   |  1- 3 |  4- 6 || total
-------------------------+-------+-------++-------
Melee: Rapier            |    71 |    45 ||   116
       Constrict         |    22 |    24 ||    46
       Tentacles         |    15 |    30 ||    45
       Dagger            |       |    82 ||    82
  Use: Scroll            |       |     9 ||     9
       Potion            |       |     4 ||     4
 Stab: Sleeping          |     2 |     3 ||     5
  Eat: Bread ration      |     1 |       ||     1
       Beef jerky        |       |     1 ||     1
Armor: Skin              |     8 |     8 ||    16
Dodge: Dodged            |    27 |    28 ||    55
Block: Shield            |    34 |    44 ||    78
